 Dungeon Crawl Stone Soup version 0.21.1-1-g345015fe64 (webtiles) character file.

83 Oravi the Shield-Bearer (level 4, -3/31 HPs)
             Began as a Halfling Fighter on Mar 28, 2018.
             Slain by a hobgoblin
             ... wielding a +0 club
             ... led by Robin
              (7 damage)
             ... on level 2 of the Dungeon.
             The game lasted 00:07:42 (1321 turns).

Oravi the Shield-Bearer (Halfling Fighter)          Turns: 1321, Time: 00:07:42

Health: -3/31      AC:  7    Str: 18    XL:     4   Next: 71%
Magic:  4/4        EV:  9    Int:  6    God:
Gold:   107        SH: 10    Dex: 13    Spells: 3/3 levels left

rFire    . . .     SeeInvis .   i - +0 dagger (chaos)
rCold    . . .     Gourm    .   c - +0 shield
rNeg     . . .     Faith    +   b - +0 scale mail
rPois    .         Spirit   .   (no helmet)
rElec    .         Reflect  .   (no cloak)
rCorr    .         Harm     .   (no gloves)
MR       +....                  (no boots)
Stlth    ..........             m - amulet of faith
HPRegen  0.10/turn              l - ring of protection from magic
MPRegen  0.09/turn              (no ring)

@: no status effects
A: small, mutation resistance 1
a: no special abilities


You were on level 2 of the Dungeon.
You were hungry.

You visited 1 branch of the dungeon, and saw 2 of its levels.

You collected 107 gold pieces.

Inventory:

Hand Weapons
 a - a +0 rapier
 i - a +0 dagger of chaos (weapon)
 o - a +0 dagger
Missiles
 k - 41 sling bullets
 n - 14 stones (quivered)
Armour
 b - a +0 scale mail (worn)
 c - a +0 shield (worn)
Jewellery
 l - a ring of protection from magic (left hand)
 m - an amulet of faith (around neck)
Scrolls
 g - a scroll of immolation {unknown}
 h - 2 scrolls of enchant weapon {unknown}
 j - 2 scrolls of fear {unknown}
 p - a scroll of magic mapping {unknown}
Potions
 d - a potion of might
 e - a potion of degeneration {unknown}
 r - a potion of resistance {unknown}
Comestibles
 f - 5 rations


   Skills:
 + Level 3.1 Fighting
 + Level 3.8 Short Blades
 + Level 3.8 Armour
 + Level 0.3 Dodging
 + Level 4.0 Shields


You had 3 spell levels left.
You didn't know any spells.

Dungeon Overview and Level Annotations

Branches:
Dungeon (2/15)

Altars:
Nemelex Xobeh
Wu Jian

Annotations:
D:2 Robin


Innate Abilities, Weirdness & Mutations

You are small and have problems with some larger weapons.
You are somewhat resistant to further mutation.


Message History

You block the goblin's attack.
You hit the goblin but do no damage.
The goblin is heavily wounded.
The goblin completely misses you. The hobgoblin closely misses you.
You closely miss the goblin.
The goblin is heavily wounded.
The goblin barely misses you.
The hobgoblin hits you but does no damage.
You barely miss the goblin.
The goblin is heavily wounded.
The goblin hits you but does no damage.
Robin roars a battlecry!
The goblins go into a battle-frenzy!
The hobgoblin hits you with a club!
You hit the goblin but do no damage.
The goblin is heavily wounded.
The goblin hits you with a dagger.
* * * LOW HITPOINT WARNING * * *
The hobgoblin hits you with a club!
You die...

#.#.#.# ## #..###. .#### ### #.##
## ###.# ..# ## #..###. .<..# ...
..# #...#.. ##..# #.###..#
####... ##..# #..g...# #... ....#
#g##.# #... ##.## #@##.# ##.# #.#
########g##.# #.. #.#
#.....##.##.# #.. #.#
#.###.##.##.# ### #.. #.######.#
#.##.##.# ##.###.#
#........###.##.##.######.#.##.#
##.#####..##..............###.#.#
...## #............####.## ##..#
##..# #...#.########...## ##..


You could see Robin, a hobgoblin and a goblin.

Vanquished Creatures
  Terence (D:2)
  An adder (D:2)
  A worm (D:2)
  2 dart slugs
  A leopard gecko (D:2)
  An orc (D:2)
  3 hobgoblins
  4 jackals (D:2)
  6 bats
  10 goblins
  4 kobolds
  5 rats
39 creatures vanquished.

Notes
Turn   | Place    | Note
-------+----------+-------------------------------------------
     0 | D:1      | Oravi the Halfling Fighter began the quest for the Orb.
     0 | D:1      | Reached XP level 1. HP: 15/15 MP: 1/1
   138 | D:2      | Found an ornate altar of the Wu Jian Council.
   176 | D:1      | Reached XP level 2. HP: 20/20 MP: 2/2
   625 | D:2      | Reached XP level 3. HP: 22/25 MP: 3/3
   964 | D:2      | Noticed Terence
   972 | D:2      | Killed Terence
   972 | D:2      | Reached skill level 4 in Shields
   972 | D:2      | Reached XP level 4. HP: 31/31 MP: 4/4
  1055 | D:2      | Found a sparkling altar of Nemelex Xobeh.
  1298 | D:2      | Noticed Robin
  1321 | D:2      | Slain by a hobgoblin

Skill      XL: |  1  2  3 |
---------------+----------+-----
Short Blades   | 3 |  3.8
Fighting       | 3 |  3.1
Shields        | 4 |  4.0
Armour         | |  3.8
Dodging        | |  0.3

Action                   |  1- 3 |  4- 6 || total
-------------------------+-------+-------++-------
Melee: Rapier            |    56 |       ||    56
       Dagger            |    80 |    99 ||   179
  Use: Potion            |     2 |       ||     2
  Eat: Chunk             |       |     1 ||     1
Armor: Scale mail        |    47 |    28 ||    75
Dodge: Dodged            |    39 |    20 ||    59
Block: Shield            |    60 |    45 ||   105
